 Dungeon Crawl Stone Soup version 0.21-a0-591-g2314aa1 (webtiles) character file.

51 Monsterracer the Skirmisher (level 3, 0/40 HPs)
             Began as an Ogre Artificer on Dec 23, 2017.
             Slain by a centaur zombie (5 damage)
             ... on level 2 of the Dungeon.
             The game lasted 00:03:16 (2173 turns).

Monsterracer the Skirmisher (Ogre Artificer)        Turns: 2173, Time: 00:03:17

Health: 0/40       AC:  3    Str: 17    XL:     3   Next: 81%
Magic:  4/4        EV: 10    Int: 12    God:
Gold:   34         SH:  0    Dex:  9    Spells: 2/2 levels left

rFire    . . .     SeeInvis .   i - +0 dagger (curse)
rCold    . . .     Gourm    .   (no shield)
rNeg     . . .     Faith    .   b - +0 robe
rPois    .         Spirit   .   (helmet restricted)
rElec    .         Reflect  .   (no cloak)
rCorr    .         Harm     .   (gloves unavailable)
MR       .....     Rnd*Tele +   (boots unavailable)
Stlth    +.........             (no amulet)
HPRegen  0.13/turn              g - ring of teleportation (curse)
MPRegen  0.09/turn              (no ring)

@: lethally poisoned (0 -> -1)
A: large, unfitting armour, tough skin 1
a: no special abilities


You were on level 2 of the Dungeon.
You were not hungry.

You visited 1 branch of the dungeon, and saw 2 of its levels.

You collected 34 gold pieces.

Inventory:

Hand Weapons
 a - a +0 short sword
 h - a cursed -3 dagger
 i - a cursed +0 dagger (weapon)
Armour
 b - a +0 robe (worn)
Jewellery
 g - a cursed ring of teleportation (left hand)
Wands
 c - a wand of flame (14)
 d - a wand of enslavement (10)
 e - a wand of random effects (14)
Potions
 k - 2 potions of agility
 m - a potion of ambrosia {unknown}
Comestibles
 f - 3 rations


   Skills:
 * Level 4.5 Fighting
 - Level 0.8 Short Blades
 + Level 1.9 Dodging
 - Level 0.6 Stealth
 + Level 2.4 Evocations


You had 2 spell levels left.
You didn't know any spells.

Dungeon Overview and Level Annotations

Branches:
Dungeon (2/15)

Altars:


Innate Abilities, Weirdness & Mutations

You are too large for most types of armour.
You have tough skin. (AC +1)


Message History

You kill the adder!
You feel sick. The bat barely misses you.
You take 1 damage, and have 13/40 hp.
You hit the bat but do no damage. The bat closely misses you.
You feel sick.
You take 1 damage, and have 12/40 hp.
You hit the bat.
You kill the bat!
You feel sick.
You take 1 damage, and have 11/40 hp.
You feel sick.
You take 1 damage, and have 10/40 hp.
You feel sick.
You take 1 damage, and have 9/40 hp.
You see here a quokka corpse.
You butcher the quokka corpse.
You feel sick.
j - a chunk of flesh You take 1 damage, and have 9/40 hp.
Eating a chunk of flesh.
You eat the chunk of flesh.
This raw flesh tastes terrible.
You feel sick.
You feel sick.
You feel sick.
Key pressed, stopping explore.
Sorry, you're not good enough to have a special ability.
You take 2 damage, and have 7/40 hp.
You feel sick.
You feel sick.
You feel sick.
You feel sick.
You feel sick.
You are no longer poisoned.
You are suddenly yanked towards some nearby monsters!
Your surroundings suddenly seem different.
An adder comes into view.
The adder hisses angrily.
Found a stone staircase leading down.
A worm comes into view.
You regained 8 hp, and now have 15/40 hp.
Evoke which item? (* to show all) (? for menu, Esc to quit)
Aiming: Enslavement
Press: ? - help, Shift-Dir - straight line, f - adder
Aim: an adder (chance to defeat MR: 62%)
The adder resists with significant effort.
The adder bites you.
* * * LOW HITPOINT WARNING * * *
You take 5 damage, and have 10/40 hp.
Evoke which item? (* to show all) (? for menu, Esc to quit)
Aiming: Enslavement
Press: ? - help, Shift-Dir - straight line, f/p - adder
Aim: an adder (chance to defeat MR: 62%)
The adder resists with significant effort.
The adder bites you.
* * * LOW HITPOINT WARNING * * *
You are poisoned.
The adder poisons you! The adder bites you.
* * * LOW HITPOINT WARNING * * *
You take 2 damage, and have 8/40 hp.
Evoke which item? (* to show all) (? for menu, Esc to quit)
Aiming: Enslavement
Press: ? - help, Shift-Dir - straight line, f/p - adder
Aim: an adder (chance to defeat MR: 62%)
The adder resists with significant effort.
You feel sick. The adder closely misses you.
You take 1 damage, and have 7/40 hp.
Evoke which item? (* to show all) (? for menu, Esc to quit)
Aiming: Enslavement
Press: ? - help, Shift-Dir - straight line, f/p - adder
Aim: an adder (chance to defeat MR: 62%)
The adder is charmed.
An adder comes into view.
You feel sick.
The adder hisses angrily.
The adder moves out of view.
Found 4 gold pieces.
You take 1 damage, and have 6/40 hp.
The worm barely misses you.
Your adder barely misses the worm.
Your adder bites the worm.
The worm is poisoned.
Your adder poisons the worm!
You are suddenly yanked towards a nearby monster!
Your surroundings suddenly seem different.
Found a scroll labeled TOAFOO QOYTUSCH and 10 gold pieces.
A centaur zombie comes into view.
You feel sick.
You take 1 damage, and have 6/40 hp.
Evoke which item? (* to show all) (? for menu, Esc to quit)
Aiming: Random Effects
Press: ? - help, Shift-Dir - straight line, f - centaur zombie
Aim: a centaur zombie The fireball explodes!
The fireball engulfs the centaur zombie.
The centaur zombie is moderately damaged.
You hear a shout! x3
The centaur zombie hits you.
* * * LOW HITPOINT WARNING * * *
You take 1 damage, and have 5/40 hp.
Evoke which item? (* to show all) (? for menu, Esc to quit)
Aiming: Enslavement
Press: ? - help, Shift-Dir - straight line, f/p - centaur zombie
Aim: a centaur zombie (moderately damaged, chance to defeat MR: 66%)
The centaur zombie struggles to resist.
The centaur zombie hits you.
You die...

.#.##. ..... #...# #...#
#...# #...# ##.##.###
#...# #.......
#######Z..#####
......#.#.......@.......
...!... ................
>.......#...?...........
#.....#.########...#####
#..†...# #...# #.##.#.#
#..$# #......##### #...#
#####........ #...# ##
#..#####.


You could see a centaur zombie.

Vanquished Creatures
  An adder (D:2)
  2 dart slugs (D:1)
  7 bats
  9 hobgoblins (D:1)
  2 jackals (D:1)
  A quokka (D:2)
  A ball python (D:1)
  2 frilled lizards (D:1)
  4 goblins (D:1)
  4 kobolds
  2 rats (D:1)
35 creatures vanquished.

Notes
Turn   | Place    | Note
-------+----------+-------------------------------------------
     0 | D:1      | Monsterracer the Ogre Artificer began the quest for the Orb.
     0 | D:1      | Reached XP level 1. HP: 19/19 MP: 2/2
    34 | D:1      | Reached skill level 2 in Fighting
    36 | D:1      | HP: 9/20 [hobgoblin/club (2)]
    43 | D:1      | HP: 5/20 [dart slug/slug dart (3)]
    45 | D:1      | Reached XP level 2. HP: 7/29 MP: 3/3
   306 | D:1      | Reached skill level 3 in Fighting
   973 | D:1      | Reached XP level 3. HP: 31/39 MP: 4/4
  1103 | D:1      | Reached skill level 4 in Fighting
  1130 | D:1      | HP: 19/39 [hobgoblin (2)]
  1135 | D:1      | HP: 19/39 [hobgoblin (1)]
  2043 | D:2      | HP: 20/40 [poisoned by an adder]
  2048 | D:2      | HP: 12/40 [poisoned by an adder]
  2053 | D:2      | HP: 9/40 [poisoned by an adder]
  2059 | D:2      | HP: 6/40 [poisoned by an adder]
  2065 | D:2      | HP: 5/40 [poisoned by an adder]
  2073 | D:2      | HP: 4/40 [poisoned by an adder]
  2162 | D:2      | HP: 10/40 [adder (5)]
  2167 | D:2      | HP: 6/40 [poisoned by an adder]
  2172 | D:2      | HP: 5/40 [centaur zombie (1)]
  2173 | D:2      | Slain by a centaur zombie

Vault maps used:
D:1:      saegor_arrival_simple_a, roderic_st_hans_cross, minmay_misc_feat_rows
D:2:      zin_treasury, first_ration

Skill      XL: |  1  2  3 |
---------------+----------+-----
Fighting       | 2 3 4 |  4.5
Short Blades   | |  0.8
Dodging        | |  1.9
Stealth        | |  0.6
Evocations     | |  2.4

Action                   || total
-------------------------++-------
Melee: Short sword       ||   146
       Dagger            ||    68
Evoke: Wand              ||     7
  Use: Scroll            ||     4
  Eat: Chunk             ||     4
Armor: Robe              ||    66
Dodge: Dodged            ||   125

Table legend:
 A = Spawn XP
 B = Non-spawn XP
 C = Spawn XP percentage of total XP
 D = Spawn monster count
 E = Non-spawn monster count
 F = Spawn count percentage of total count
 G = Total turns spent on level
                    A         B        C        D         E        F      G
               +---------+---------+-------+---------+---------+-------+---------
         Total |       0 |      73 |   0.0 |       0 |      35 |   0.0 |  2173
               +---------+---------+-------+---------+---------+-------+---------
           D:1 |       0 |      54 |   0.0 |       0 |      30 |   0.0 |  1938
           D:2 |       0 |      19 |   0.0 |       0 |       5 |   0.0 |   235
               +---------+---------+-------+---------+---------+-------+---------

Vault maps used:
D:1:      saegor_arrival_simple_a, roderic_st_hans_cross, minmay_misc_feat_rows
D:2:      zin_treasury, first_ration
